 Dungeon Crawl Stone Soup version 0.18-a0-943-g2c08dd4 (webtiles) character file.

15144 icedcoffee the Nimble (level 11, -1/113 HPs)
             Began as a Troll Berserker on Dec 28, 2015.
             Was an Elder of Trog.
             Killed by nerve-wracking pain
             ... invoked by an orc priest
              (14 damage)
             ... on level 2 of the Orcish Mines.
             The game lasted 01:46:28 (11185 turns).

icedcoffee the Nimble (Troll Berserker)            Turns: 11185, Time: 01:46:28

Health: -1/113     AC:  9    Str: 34    XL:     11   Next: 98%
Magic:  10/10      EV: 16    Int:  3    God:    Trog [****..]
Gold:   221        SH:  0    Dex: 14    Spells: 0 memorised, 10 levels left

rFire  . . .     SeeInvis .       - Unarmed
rCold  . . .     Gourm    +     z - +0 troll leather armour
rNeg   . . .     Faith    .     (no shield)
rPois  .         Spirit   .     (helmet restricted)
rElec  .         Dismiss  .     o - +1 cloak
rCorr  .         Reflect  .     (gloves unavailable)
SustAt .         Harm     .     (boots unavailable)
MR     .....                    A - amulet of rage
Stlth  +.........               p - +5 ring of dexterity
                                D - +4 ring of strength

@: exhausted, hasted and slowed, not resistant to hostile enchantments, very
unstealthy
A: unfitting armour, claws 3, fast metabolism 3, gourmand, regeneration 2,
shaggy fur 1, tough skin 2
a: Berserk, Trog's Hand, Brothers in Arms, Burn Spellbooks, Renounce Religion,
Evoke Berserk Rage


You were on level 2 of the Orcish Mines.
You worshipped Trog.
Trog was greatly pleased with you.
You were not hungry.

You visited 3 branches of the dungeon, and saw 13 of its levels.

You collected 921 gold pieces.
You spent 700 gold pieces at shops.

Inventory:

Hand Weapons
 u - a +0 giant club
 w - a +7 antimagic quick blade
Missiles
 c - 169 stones (quivered)
Armour
 o - a +1 cloak (worn)
 z - a +0 troll leather armour (worn)
Jewellery
 m - an uncursed ring of protection from magic
 p - a +5 ring of dexterity (right claw)
 A - an amulet of rage (around neck)
 C - an uncursed ring of see invisible
 D - a +4 ring of strength (left claw)
Wands
 g - a wand of enslavement (15/24)
 j - a wand of polymorph (16/24)
 x - a wand of digging (9/24)
Scrolls
 d - 6 scrolls of remove curse
 h - 4 scrolls of identify
 n - 4 scrolls of teleportation
 t - a scroll of magic mapping
Potions
 e - a potion of agility
 l - a potion of curing
 q - 2 potions of haste
 s - 2 potions of magic
 v - a potion of cancellation
Comestibles
 a - a fruit
 b - 12 bread rations
 f - 3 beef jerkies
 i - a slice of pizza
 k - 6 meat rations
 r - 21 royal jellies


   Skills:
 + Level 8.3 Fighting
 + Level 1.1 Throwing
 + Level 3.1 Armour
 + Level 11.4 Dodging
 + Level 10.4 Unarmed Combat
 + Level 0.1 Evocations


You had 10 spell levels left.
You didn't know any spells.

Dungeon Overview and Level Annotations

Branches:
Dungeon (10/15)            Temple (1/1) D:4             Orc (1/2) D:10
   Lair: D:8-11

Altars:
Ashenzari
Cheibriados
Dithmenos
Elyvilon
Fedhas
Gozag
Kikubaaqudgha
Makhleb
Nemelex Xobeh
Okawaru
Pakellas
Qazlal
Ru
Sif Muna
Trog
Vehumet
Xom
Yredelemnul
Zin
The Shining One
Beogh

Shops:
D:10 ([*   Orc:1 :   Orc:2 =

Annotations:
Orc:2 Saint Roka


Innate Abilities, Weirdness & Mutations

You are too large for most types of armour.
You have claws for hands.
Your metabolism is lightning-fast.
You like to eat raw meat.
You heal very quickly.
You are covered in fur (AC +1).
You have very tough skin (AC +2).


Message History

An orc, an orc priest and a two-headed ogre come into view.
Drink which item? (? for menu, Esc to quit)
Okay, then.
Drink which item? (? for menu, Esc to quit)
You feel better.
The orc priest shouts!
The orc priest hits you but does no damage.
The two-headed ogre hits you with a giant club!
* * * LOW HITPOINT WARNING * * *
The two-headed ogre hits you with a giant club.
* * * LOW HITPOINT WARNING * * *
Evoke which item? (* to show all) (? for menu, Esc to quit)
Zapping:
g - a wand of enslavement (15/24)
Press: ? - help, Shift-Dir - straight line, f - two-headed ogre
Aim: a two-headed ogre, wielding two giant clubs (chance to defeat MR: 28%)
Okay, then.
You feel yourself speed up.
The orc priest mumbles some strange prayers to Beogh against you.
Pain shoots through your body!
You die...

##.... ..$..
#..o## ## ....#
. .### # #.o.##
..# ##..###.
#$o..#..#
#...#...
#oO....#
#......# #@o...#
##....## #.....#
#....## ###....#
##..####
#....###...#..##
#..............#
###.......####.#
#.....###
###...# #. ###'#


You could see a two-headed ogre, an orc warrior, 2 orc priests and 2 orcs.

Vanquished Creatures
  The ghost of inqbanana the Slicer, a journeyman KoBe of Trog (Orc:2)
  The ghost of Ace the Thaumaturge, a novice DEWz of Sif Muna (D:10)
  The ghost of Smello the Cleaver, a novice FoFi of Okawaru (D:7)
  A hill giant (D:7)
  Pikel (D:6)
  2 orc knights
  4 trolls
  A queen bee (D:9)
  Grinder (D:3)
  3 yaks (D:9)
  A wraith (D:10)
  A wyvern (D:8)
  Sigmund (D:3)
  Eustachio (D:4)
  A hippogriff (D:9)
  2 wargs (Orc:2)
  Edmund (D:6)
  The ghost of ProzacElf the Scratcher, an amateur FeCK of Xom (D:4)
  2 sky beasts
  2 centaurs
  21 orc warriors
  A phantom (D:10)
  A black bear (D:7)
  10 ogres
  2 necrophages (D:8)
  A slave (D:6)
  A gnoll sergeant (D:9)
  4 giant frogs
  2 big kobolds
  A wyvern zombie (D:9)
  2 scorpions
  4 wights (D:9)
  26 killer bees
  6 crimson imps
  A giant frog skeleton (D:5)
  13 orc priests
  8 orc wizards
  8 hounds
  2 giant frog zombies
  5 jellies
  Crazy Yiuf (D:5)
  4 centaur zombies
  An iguana (D:9)
  Jessica (D:3)
  A centaur skeleton (D:7)
  Ijyb (D:3)
  Natasha (D:2)
  2 killer bee zombies
  8 worker ants
  2 hound skeletons
  A worker ant zombie (D:7)
  8 gnolls
  10 adders
  4 shadow imps
  3 adder zombies
  2 worms
  2 adder skeletons
  5 giant geckos
  38 orcs
  7 bats
  3 giant cockroaches
  6 hobgoblins
  14 jackals
  3 quokkas
  A ball python (D:3)
  7 giant newts
  7 goblins
  12 kobolds
  A quokka skeleton (D:7)
  A quokka zombie (D:8)
  11 rats
316 creatures vanquished.

Vanquished Creatures (collateral kills)
  An orc high priest (Orc:2)
  2 hill giants (D:10)
  2 orc warriors (Orc:2)
  6 killer bees (D:9)
  4 orc priests
  An iguana (D:9)
  3 orcs (Orc:1)
19 creatures vanquished.

Vanquished Creatures (others)
  A centaur (D:6)
  2 giant frogs (D:7)
  A hound (D:7)
  An adder (D:7)
  A giant gecko (D:7)
  A quokka zombie (D:6)
7 creatures vanquished.

Grand Total: 342 creatures vanquished

Notes
Turn   | Place    | Note
--------------------------------------------------------------
     0 | D:1      | icedcoffee the Troll Berserker began the quest for the Orb.
     0 | D:1      | Reached XP level 1. HP: 22/22 MP: 0/0
   399 | D:1      | Reached XP level 2. HP: 27/29 MP: 1/1
   707 | D:1      | Reached ** piety under Trog
   846 | D:1      | Reached XP level 3. HP: 36/36 MP: 2/2
  1555 | D:2      | Reached XP level 4. HP: 11/44 MP: 3/3
  1556 | D:2      | HP: 2/44 [gnoll/spear (2)]
  1615 | D:2      | Noticed Natasha
  1622 | D:2      | Killed Natasha
  2095 | D:3      | Found a radiant altar of Vehumet.
  2095 | D:3      | Noticed Sigmund
  2104 | D:3      | Killed Sigmund
  2104 | D:3      | Reached skill level 4 in Dodging
  2104 | D:3      | Reached XP level 5. HP: 53/53 MP: 4/4
  2104 | D:3      | Reached XP level 6. HP: 61/61 MP: 5/5
  2312 | D:3      | Noticed Ijyb
  2318 | D:3      | Noticed Grinder
  2328 | D:3      | Killed Ijyb
  2353 | D:3      | Killed Grinder
  2418 | D:3      | Noticed Jessica
  2424 | D:3      | Killed Jessica
  2443 | D:3      | Reached XP level 7. HP: 67/70 MP: 6/6
  2765 | D:4      | Found a staircase to the Ecumenical Temple.
  2920 | D:4      | Reached skill level 5 in Unarmed Combat
  2975 | D:4      | Reached skill level 5 in Dodging
  2985 | D:4      | Noticed ProzacElf's ghost (amateur FeCK)
  3007 | D:4      | Killed ProzacElf's ghost
  3432 | D:4      | Noticed Eustachio
  3671 | D:4      | Killed Eustachio
  3730 | D:4      | Got an ichor-stained spear
  3731 | D:4      | Identified the cursed +1 spear of Defilement {pierce, Str+4} (You found it on level 4 of the Dungeon)
  3870 | Temple   | Entered the Ecumenical Temple
  4063 | D:5      | Entered Level 5 of the Dungeon
  4117 | D:5      | Reached XP level 8. HP: 65/79 MP: 7/7
  4257 | D:5      | Noticed Crazy Yiuf
  4264 | D:5      | Killed Crazy Yiuf
  4375 | D:5      | Reached skill level 6 in Dodging
  4681 | D:6      | Reached *** piety under Trog
  4685 | D:6      | Reached skill level 5 in Fighting
  4852 | D:6      | Noticed Pikel
  4865 | D:6      | Killed Pikel
  4909 | D:6      | Noticed Edmund
  4923 | D:6      | Killed Edmund
  4923 | D:6      | Reached skill level 7 in Dodging
  5178 | D:6      | Reached XP level 9. HP: 88/88 MP: 8/8
  5578 | D:7      | Noticed a hill giant
  5646 | D:7      | Killed a hill giant
  5668 | D:7      | Reached skill level 8 in Dodging
  5728 | D:7      | Found a shimmering altar of Xom.
  5799 | D:7      | Gained mutation: You occasionally shout uncontrollably at your foes. [mutagenic meat]
  5800 | D:7      | Gained mutation: You expend magic power (3 MP) to strengthen your wands. [mutagenic meat]
  5801 | D:7      | Gained mutation: You are partially covered in rugged brown scales (AC +1, +3% HP). [mutagenic meat]
  5802 | D:7      | Gained mutation: You are agile. (Dex +2) [mutagenic meat]
  5874 | D:7      | Noticed Smello's ghost (novice FoFi)
  5886 | D:7      | Killed Smello's ghost
  5973 | D:7      | Lost mutation: You expend magic power (3 MP) to strengthen your wands. [potion of cure mutation]
  5973 | D:7      | Lost mutation: You are agile. (Dex +2) [potion of cure mutation]
  5973 | D:7      | Lost mutation: You occasionally shout uncontrollably at your foes. [potion of cure mutation]
  5973 | D:7      | Lost mutation: You are partially covered in rugged brown scales (AC +1, +3% HP). [potion of cure mutation]
  5992 | D:7      | Reached skill level 1 in Throwing
  6090 | D:7      | Reached **** piety under Trog
  6090 | D:7      | Reached XP level 10. HP: 88/100 MP: 9/9
  6830 | D:8      | Reached skill level 9 in Dodging
  7772 | D:9      | Reached ***** piety under Trog
  8290 | D:9      | Reached skill level 10 in Dodging
  8852 | D:9      | Reached XP level 11. HP: 38/109 MP: 10/10
  8964 | D:9      | Received a gift from Trog
  9313 | D:10     | Entered Level 10 of the Dungeon
  9505 | D:10     | Noticed Ace's ghost (novice DEWz)
  9506 | D:10     | Found Abbun's Assorted Antiques.
  9518 | D:10     | Killed Ace's ghost
  9552 | D:10     | Bought a potion of curing for 99 gold pieces
  9552 | D:10     | Bought a bubbling brown potion for 29 gold pieces
  9654 | D:10     | Noticed a hill giant
  9665 | D:10     | Killed a hill giant
  9671 | D:10     | Noticed a hill giant
  9673 | D:10     | Killed a hill giant
  9751 | D:10     | Found Ijuat's Armour Boutique.
  9751 | D:10     | Found a staircase to the Orcish Mines.
  9751 | D:10     | Found Votua's Weapon Boutique.
  9980 | D:10     | Reached skill level 1 in Armour
 10131 | Orc:1    | Entered Level 1 of the Orcish Mines
 10138 | Orc:1    | Reached skill level 10 in Unarmed Combat
 10140 | Orc:1    | Reached skill level 11 in Dodging
 10207 | Orc:1    | Found Vuha's Book Shoppe.
 10409 | Orc:1    | You fall through a shaft!
 10409 | Orc:2    | Entered Level 2 of the Orcish Mines
 10414 | Orc:2    | Found Ketemek's Jewellery Emporium.
 10415 | Orc:2    | Noticed an orc high priest
 10416 | Orc:2    | Noticed a sun demon
 10428 | Orc:2    | Killed an orc high priest
 10520 | Orc:2    | Bought an uncursed ring of protection from magic for 275 gold pieces
 10520 | Orc:2    | Bought a +4 ring of strength for 297 gold pieces
 10580 | Orc:2    | Noticed Saint Roka
 10986 | Orc:2    | Noticed inqbanana's ghost (journeyman KoBe)
 11030 | Orc:2    | Killed inqbanana's ghost
 11051 | Orc:2    | Found a roughly hewn altar of Beogh.
 11185 | Orc:2    | Killed from afar by an orc priest

Vault maps used:
D:1:      minmay_arrival_up_and_down
D:2:      first_bread, uniq_natasha
D:3:      old_standard_altar, minmay_misc_feat_nine_boxes, uniq_jessica,
          uniq_sigmund, uniq_iyjb, uniq_grinder
D:4:      temple_pool_a, uniq_eustachio
D:5:      serial_glass, glass_columns_a, glass_columns_a, glass_columns_b,
          glass_columns_c, glass_columns_b, glass_columns_a,
          uniq_crazy_yiuf_cottage
D:6:      uniq_edmund, uniq_pikel
D:7:      xom_confusion_cloud, grunt_ogre_cave, kb_rosetta
D:9:      special_room, abandoned_shop
D:10:     orc_david_3, serial_shops, shop
Temple:   kilobyte_greek_temple_18
Orc:1:    serial_shops, shop_statue
Orc:2:    pubby_orc_utopia

Action                   |  1- 3 |  4- 6 |  7- 9 | 10-12 || total
-------------------------+-------+-------+-------+-------++-------
Melee: Unarmed           |   101 |    71 |   305 |   642 ||  1119
Throw: Stone             |     9 |     3 |     5 |     1 ||    18
Invok: Berserk           |     3 |     2 |     7 |     6 ||    18
       Trog's Hand       |       |     4 |     4 |     8 ||    16
       Brothers in Arms  |       |       |       |     7 ||     7
       Burn Spellbooks   |       |       |       |     1 ||     1
Evoke: Wand              |       |       |       |     3 ||     3
  Use: Scroll            |     3 |     3 |    11 |    14 ||    31
       Potion            |     2 |     2 |     9 |     3 ||    16
 Stab: Sleeping          |       |       |     3 |     8 ||    11
       Distracted        |       |       |       |     1 ||     1
  Eat: Chunk             |    12 |    17 |    40 |    45 ||   114
       Bread ration      |     1 |       |       |       ||     1
       Fruit             |       |       |       |     2 ||     2
       Beef jerky        |       |       |       |     5 ||     5
